 Dungeon Crawl Stone Soup version 0.28-a0-1227-ga9037bb4c8 (webtiles) character file.

Game seed: 11446455001368331155

1646 Mamutox the Covert (level 8, -4/39 HPs)
             Began as a Spriggan Venom Mage on Dec 21, 2021.
             Was an Initiate of Sif Muna.
             Slain by Harold (22 damage)
             ... on level 7 of the Dungeon on Dec 22, 2021.
             The game lasted 00:37:14 (8400 turns).

Mamutox the Covert (Spriggan Venom Mage)            Turns: 8400, Time: 00:37:15

Health: -4/39      AC:  2    Str:  4    XL:     8   Next: 67%
Magic:  20/20      EV: 20    Int: 19    God:    Sif Muna [......]
Gold:   248        SH:  0    Dex: 15    Spells: 11/21 levels left

rFire   . . .      SeeInvis +   f - +0 dagger
rCold   . . .      Faith    .   (shield restricted)
rNeg    . . .      Spirit   .   a - +0 robe
rPois   .          Reflect  .   (helmet restricted)
rElec   .          Harm     .   (no cloak)
rCorr   +          Rampage  .   (gloves unavailable)
Will    +....                   (boots unavailable)
Stlth   ++++......              (no amulet)
HPRegen 0.13/turn               q - ring of resist corrosion
MPRegen 0.17/turn               (no ring)

@: very quick
A: very small, no large weapons, unfitting armour, see invisible, speed 3
a: Renounce Religion


You were on level 7 of the Dungeon.
You worshipped Sif Muna.
Sif Muna was noncommittal.
You visited 2 branches of the dungeon, and saw 8 of its levels.
You also visited: Sewer.

You collected 270 gold pieces.
You spent 22 gold pieces at shops.

Inventory:

Hand Weapons
 f - a +0 dagger (weapon)
 n - a +0 hunting sling
 p - a +0 shortbow
Missiles
 b - 143 arrows
 c - 40 sling bullets
 g - 197 stones
 k - 10 boomerangs
 m - 28 poisoned darts
 r - 6 atropa-tipped darts
 t - 2 curare-tipped darts
 B - 2 throwing nets
Armour
 a - a +0 robe (worn)
Jewellery
 q - a ring of resist corrosion (left hand)
 A - a ring of magical power
Scrolls
 d - 2 scrolls of vulnerability {unknown}
 e - 2 scrolls of fog {unknown}
 i - 2 scrolls of fear {unknown}
 l - 2 scrolls of enchant weapon {unknown}
 y - a scroll of magic mapping {unknown}
Potions
 h - 2 potions of berserk rage
 j - a potion of resistance
 o - 4 potions of heal wounds {unknown}
 s - a potion of magic
 u - a potion of invisibility
 v - 2 potions of haste {unknown}
 w - a potion of brilliance {unknown}
 x - a potion of might {unknown}
 z - 2 potions of mutation {unknown}


   Skills:
 - Level 2.4 Fighting
 - Level 3.2 Short Blades
 - Level 6.5 Dodging
 + Level 9.4 Stealth
 + Level 7.3 Spellcasting
 - Level 2.0 Transmutations
 - Level 2.3 Fire Magic
 + Level 3.4 Poison Magic


You had 11 spell levels left.
You knew the following spells:

 Your Spells              Type           Power      Damage    Failure   Level
a - Sting                 Tmut/Pois      68%        1d6       3%          1
b - Poisonous Vapours     Pois/Air       26%        N/A       8%          2
c - Mephitic Cloud        Conj/Pois/Air  11%        N/A       19%         3
d - Conjure Flame         Conj/Fire      11%        6-21      19%         3
e - Slow                  Hex            24%        N/A       10%         1

Your spell library contained the following spells:

 Spells                   Type           Power      Damage    Failure   Level
 Ignite Poison            Fire/Tmut/Pois 16%        N/A       10%         3
 Olgreb's Toxic Radiance  Pois           20%        N/A       24%         4
 Confusing Touch          Hex            6%         N/A       28%         3
 Sticky Flame             Conj/Fire      11%        2d3       52%         4
 Yara's Violent Unravell  Hex/Tmut       5%         3d4       87%         5


Dungeon Overview and Level Annotations

Branches:
Dungeon (7/15)             Temple (1/1) D:4           Sewer (visited)

Altars:
Ashenzari
Cheibriados
Elyvilon
Fedhas
Gozag
Kikubaaqudgha
Makhleb
Nemelex Xobeh
Okawaru
Qazlal
Ru
Sif Muna
Trog
Uskayaw
Vehumet
Wu Jian
Xom
Yredelemnul
The Shining One

Shops:
D:3 *   D:5 [?

Annotations:
D:4 2 transporters, Yorgos's ghost, amateur DjBe
D:5 Pikel
D:6 Dowan; Duvessa
D:7 Harold


Innate Abilities, Weirdness & Mutations

You are very small and have problems with some larger weapons.
You are too small for most types of armour.
You have supernaturally acute eyesight. (SInv)
You cover ground extremely quickly. (Speed+++)


Message History

Found a stone staircase leading up.
b - 143 arrows (gained 17)
Casting: Sting (safe; 3% risk of failure)
Confirm with . or Enter, or press ? or * to list all spells.
Aiming: Slow (safe; 10% risk of failure)
Press: ? - help, Shift-Dir - straight line, f - Harold
Aim: Harold, wielding a +5 battleaxe of freezing, wearing a +0 chain mail and quivering 4 throwing nets (wandering, hasn't noticed you, chance to affect: 12%) Harold resists with almost no effort.
Casting: Slow (safe; 10% risk of failure)
Confirm with . or Enter, or press ? or * to list all spells.
Aiming: Slow (safe; 10% risk of failure)
Press: ? - help, Shift-Dir - straight line, f/p - Harold
Aim: Harold, wielding a +5 battleaxe of freezing, wearing a +0 chain mail and quivering 4 throwing nets (chance to affect: 12%) Harold resists with almost no effort.
Harold fires a harpoon shot at you. The harpoon shot hits you!
You are yanked forward by the harpoon shot.
Harold throws a throwing net.
The throwing net barely misses you.
An unseen horror comes into view.
Harold throws a throwing net.
The throwing net barely misses you.
You see here a throwing net.
A wight comes into view. It is wielding a +2 mace.
A wight comes into view. It is wielding a +3 mace.
Harold fires a harpoon shot at you. The harpoon shot hits you!
You are yanked forward by the harpoon shot.
The wight moves out of view.
Harold throws a throwing net.
The throwing net hits you.
You become entangled in the net!
You see here a throwing net.
You struggle against the net.
You struggle against the net.
Harold fires a harpoon shot at you. The harpoon shot misses you.
A wight comes into view. It is wielding a +0 short sword.
You struggle against the net.
You shred the net and break free!
Harold hits you with a +5 battleaxe of freezing!!
Ouch! That really hurt!
You die...

....# #..#.#..#..##..#[##..#.#.#
###.####..#..............#..#.#+#
..........#....#..##..#..#..#....
..........#..............#..#....
#...###...#....#..##..#..#.......
#...# #...#....#..##..#..#..#....
#...###...#>...#..##.(#..#.......
#..............#.................
....###.......<.@@....#..........
##....#.#.#..z##.................
##..#......z..#######.#..#.......
##..#.........#######.#..#.......
....#.....z.......@......#.......
##..#..<...............(.........
##..............#####....##.#####
##..###.#....... .....##.##...
##..###.###.## #######.##.###


You could see Harold and 2 wights.

Vanquished Creatures
  A water moccasin (D:6)
  A sky beast (D:7)
  An ogre (D:5)
  2 centaurs
  2 kobold brigands (Sewer)
  A gnoll sergeant (D:6)
  A bullfrog (D:6)
  4 scorpions
  A howler monkey (D:5)
  2 jellies
  2 hounds
  A gnoll shaman (D:7)
  A centaur skeleton (D:6)
  2 iguanas
  An orc wizard (D:6)
  A hound skeleton (D:4)
  Robin (D:2)
  11 gnolls
  10 adders
  A river rat (Sewer)
  A shadow imp (D:6)
  A white imp (D:7)
  An ufetubus (D:6)
  4 worms
  An adder skeleton (D:4)
  A dart slug (D:2)
  10 orcs
  13 ball pythons
  7 endoplasms
  2 giant cockroaches
  9 hobgoblins
  6 jackals
  A quokka (D:3)
  11 bats
  4 frilled lizards
  19 goblins
  15 kobolds
  10 rats
163 creatures vanquished.

Vanquished Creatures (others)
  A gnoll (D:6)
1 creature vanquished.

Grand Total: 164 creatures vanquished

Notes
Turn   | Place    | Note
-------+----------+-------------------------------------------
     0 | D:1      | Mamutox the Spriggan Venom Mage began the quest for the
                  | Orb.
     0 | D:1      | Reached XP level 1. HP: 9/9 MP: 5/5
   170 | D:1      | Reached XP level 2. HP: 3/13 MP: 0/6
   433 | D:1      | Found a faded altar of an unknown god.
   512 | D:1      | You fall into a shaft and drop 1 floor!
   937 | D:1      | Reached XP level 3. HP: 16/16 MP: 5/8
  1253 | D:2      | Noticed Robin
  1301 | D:2      | Reached skill level 4 in Stealth
  1538 | D:2      | Reached XP level 4. HP: 21/21 MP: 2/10
  1590 | D:2      | Killed Robin
  1591 | D:2      | Reached skill level 1 in Short Blades
  2778 | D:3      | Reached XP level 5. HP: 24/24 MP: 7/11
  2781 | D:3      | Learned a level 2 spell: Poisonous Vapours
  2785 | D:3      | Learned a level 3 spell: Mephitic Cloud
  3090 | D:3      | Found Duysoipt's Assorted Antiques.
  3139 | D:4      | Found a staircase to the Ecumenical Temple.
  3170 | D:4      | Reached skill level 1 in Fighting
  3203 | Temple   | Entered the Ecumenical Temple
  3613 | D:4      | Reached skill level 5 in Stealth
  3613 | D:4      | Reached XP level 6. HP: 32/32 MP: 8/13
  3828 | D:4      | Found a transporter.
  3922 | D:4      | Found a transporter.
  4064 | D:4      | Identified the +1 leather armour "Jaodog" {rC++}
  4135 | D:4      | Noticed Yorgos's ghost (amateur DjBe)
  4186 | D:4      | Learned a level 3 spell: Conjure Flame
  4396 | D:5      | Entered Level 5 of the Dungeon
  4456 | D:5      | Found a glowing drain.
  4476 | D:5      | Reached skill level 6 in Stealth
  4529 | Sewer    | Entered a sewer
  4810 | Sewer    | Reached skill level 5 in Spellcasting
  4810 | Sewer    | Reached skill level 1 in Fire Magic
  4810 | Sewer    | Reached XP level 7. HP: 32/35 MP: 10/15
  5355 | D:5      | Found Neggogul's Armour Boutique.
  5460 | D:5      | Found Beoppal's Magic Scroll Emporium.
  5481 | D:5      | Reached skill level 7 in Stealth
  5757 | D:5      | Bought a scroll of identify for 22 gold pieces
  6053 | D:5      | Noticed Pikel
  6448 | D:6      | Reached skill level 5 in Dodging
  6549 | D:6      | Reached skill level 8 in Stealth
  6549 | D:6      | Reached XP level 8. HP: 39/39 MP: 16/18
  7078 | D:6      | Noticed Dowan
  7373 | D:6      | Noticed Duvessa
  7674 | D:7      | Upgraded the game from 0.28-a0-1213-g0243856f03 to
                  | 0.28-a0-1227-ga9037bb4c8
  7847 | D:7      | Reached skill level 9 in Stealth
  8042 | D:7      | Noticed Harold
  8065 | D:7      | Found a shimmering blue altar of Sif Muna.
  8068 | D:7      | Became a worshipper of Sif Muna the Loreminder
  8278 | D:7      | Learned a level 1 spell: Slow
  8383 | D:7      | Noticed an unseen horror
  8400 | D:7      | Slain by Harold

Illustrated notes

Levels and vault maps discovered:
D:1:      sevenhm_arrival_forest_fort_small_6, layout_loops_ring,
          basic_ecumenical_altar, nicolae_concentric_dashed_squares_wild
D:2:      layout_rooms, uniq_robin
D:3:      layout_loops_cross, serial_shops, shop
D:4:      layout_cave_pools, minmay_temple_entry_trees,
          gammafunk_ghost_mausoleum
D:5:      layout_layer_cave, serial_shops,
          nicolae_shop_competitors_out_of_business, shop,
          nicolae_shop_bloodbath_and_beyond, portal_sewer_entry_d, uniq_pikel
D:6:      layout_cave_pools, chequers_serial_rivers_micro_a,
          minmay_fractal_squares_gapless_5, uniq_duvessa
D:7:      layout_basic, kennysheep_mini_moat, uniq_harold
Temple:   eino_narrow_crystal_temple

Skill      XL: |  1  2  3  4  5  6  7  8 |
---------------+-------------------------+-----
Dodging        | 3 4 5 6 |  6.5
Spellcasting   | 3 4 5 6 7 |  7.3
Transmutations | 2 |  2.0
Stealth        | 4 5 6 8 9 |  9.4
Short Blades   | 1 3 |  3.2
Fighting       | 2 |  2.4
Fire Magic     | 1 2 |  2.3
Poison Magic   | |  3.4

Action                   |  1- 3 |  4- 6 |  7- 9 || total
-------------------------+-------+-------+-------++-------
Melee: Unarmed           |     3 |       |       ||     3
       Dagger            |    18 |    69 |    27 ||   114
 Cast: Sting             |    58 |   111 |   112 ||   281
       Poisonous Vapours |       |       |     3 ||     3
       Slow              |       |       |     2 ||     2
       Mephitic Cloud    |       |       |     1 ||     1
  Use: Scroll            |       |       |     2 ||     2
       Potion            |       |       |     1 ||     1
 Stab: Sleeping          |     8 |    12 |     6 ||    26
Armor: Robe              |     4 |    11 |     6 ||    21
Dodge: Dodged            |    40 |    83 |    71 ||   194

Table legend: (Time is in decaauts)
 A = Elapsed time spent in this place.
 B = Non-inter-level travel time spent in this place.
 C = Inter-level travel time spent in this place.
 D = Time resting spent in this place.
 E = Time spent auto-exploring this place.
 F = Levels seen in this place.
 G = Mean time per level.
                   A        B        C        D        E       F      G
               +--------+--------+--------+--------+--------+-----+--------+
         Total |   6396 |   6360 |     36 |    122 |   3922 |   9 |  710.7 |
       Dungeon |   5473 |   5437 |     36 |    122 |   3388 |   7 |  781.9 |
        Temple |    214 |    214 |      0 |      0 |    120 |   1 |  214.0 |
         Sewer |    708 |    708 |      0 |      0 |    413 |   1 |  708.0 |
               +--------+--------+--------+--------+--------+-----+--------+

Top non-repeatable levels by time:
     D:4: 994 daAuts
     D:1: 917 daAuts
     D:6: 762 daAuts
     D:7: 753 daAuts
     D:2: 745 daAuts
   Sewer: 708 daAuts
     D:3: 677 daAuts
     D:5: 623 daAuts
  Temple: 214 daAuts
